 Dungeon Crawl Stone Soup version 0.28.0-45-g0d030f2227 (webtiles) character file.

Game seed: 14451881846956001025

56 Kangaroobicon the Skirmisher (level 3, -2/31 HPs)
             Began as a Palentonga Fighter on Apr 24, 2022.
             Was an Initiate of Okawaru.
             Killed from afar by Sigmund (6 damage)
             ... with a magic dart
             ... on level 2 of the Dungeon.
             The game lasted 00:09:07 (1198 turns).

Kangaroobicon the Skirmisher (Palentonga Fighter)   Turns: 1198, Time: 00:09:08

Health: -2/31      AC:  6    Str: 19    XL:     3   Next: 71%
Magic:  3/3        EV:  7    Int:  8    God:    Okawaru [......]
Gold:   44         SH:  0    Dex: 11    Spells: 2/2 levels left

rFire   . . .      SeeInvis +   a - +0 war axe
rCold   . . .      Faith    .   c - +0 buckler
rNeg    . . .      Spirit   .   b - +0 scale mail
rPois   .          Reflect  .   (no helmet)
rElec   .          Harm     .   (no cloak)
rCorr   .          Rampage  .   (no gloves)
Will    .....                   (no barding)
Stlth   ..........              (no amulet)
HPRegen 0.10/turn               (no ring)
MPRegen 0.08/turn               (no ring)

@: confused, mighty
A: large, rugged brown scales 3, see invisible, deformed body, roll 1, armoured
tail
a: Rolling Charge, Renounce Religion


You were on level 2 of the Dungeon.
You worshipped Okawaru.
Okawaru was noncommittal.
You visited 1 branch of the dungeon, and saw 2 of its levels.

You collected 44 gold pieces.

Inventory:

Hand Weapons
 a - a +0 war axe (weapon)
 e - a +2 hunting sling of flaming
Missiles
 l - 29 sling bullets
Armour
 b - a +0 scale mail (worn)
 c - a +0 buckler (worn)
Scrolls
 g - a scroll of blinking {unknown}
 h - a scroll of amnesia {unknown}
 i - a scroll of torment {unknown}
 j - 3 scrolls of identify {unknown}
 k - a scroll of acquirement {unknown}
Potions
 d - a potion of might
 f - 2 potions of curing {unknown}


   Skills:
 + Level 3.6 Fighting
 + Level 2.6 Axes
 + Level 2.7 Armour
 + Level 0.3 Dodging
 + Level 2.7 Shields


You had 2 spell levels left.
You didn't know any spells.
Your spell library was empty.

Dungeon Overview and Level Annotations

Branches:
Dungeon (2/15)

Altars:
Okawaru

Annotations:
D:2 Sigmund


Innate Abilities, Weirdness & Mutations

You are completely covered in rugged brown scales. (AC +3, +7% HP)
You have supernaturally acute eyesight. (SInv)
Armour fits poorly on your strangely shaped body.
You can roll at nearby foes to attack.
You have a long armoured tail.


Message History

You kill the bat!
A rat comes into view.
Found an iron altar of Okawaru.
You closely miss the rat. You block the rat's attack.
The rat barely misses you.
You slash the rat!
You kill the rat!
Found 21 arrows.
There is an iron altar of Okawaru here.
You kneel at the altar of Okawaru.
Okawaru welcomes you! As you open the door, it creaks loudly!
Sigmund the Dreaded comes into view.
He is wielding a +0 scythe.
Sigmund shouts!
A frilled lizard comes into view.
The frilled lizard hisses angrily.
The frilled lizard hisses.
There is an open door here.
The frilled lizard bites you.
You closely miss the frilled lizard. You tail-slap the frilled lizard.
You kill the frilled lizard!
Okawaru accepts your kill. Sigmund hits you but does no damage.
You feel very mighty all of a sudden. Sigmund closely misses you.
Sigmund points at you and mumbles some strange words.
You are confused.
You bump into the rock wall.
Sigmund gestures at you while chanting. The puff of flame hits you.
You bump into the rock wall.
Sigmund barely misses you.
Sigmund hits you from afar with a +0 scythe.
Sigmund hits you from afar with a +0 scythe!
* * * LOW HITPOINT WARNING * * *
You feel less confused. Sigmund casts a spell at you.
You are confused.
Sigmund casts a spell at you. The magic dart hits you.
You die...

............ #####
#..........# ...(#
#..........# ....#
#..........#
._..#########†.........#
............'...@......+
....#########..........#
..### +..........+ .##
####...@......# .#
..............# .#
................ .#
.....#########... .#
##### .. .# . .#
###...... # ## #.......#
# #.......######


You could see Sigmund.

Vanquished Creatures
  An adder (D:2)
  2 worms (D:2)
  A dart slug (D:1)
  An endoplasm (D:1)
  2 giant cockroaches (D:1)
  4 goblins (D:1)
  3 hobgoblins (D:1)
  3 kobolds (D:1)
  4 quokkas
  5 ball pythons
  5 bats
  2 frilled lizards (D:2)
  7 rats
40 creatures vanquished.

Notes
Turn   | Place    | Note
-------+----------+-------------------------------------------
     0 | D:1      | Kangaroobicon the Palentonga Fighter began the quest for
                  | the Orb.
     0 | D:1      | Reached XP level 1. HP: 19/19 MP: 1/1
   112 | D:1      | Reached XP level 2. HP: 21/25 MP: 2/2
   442 | D:1      | Reached XP level 3. HP: 30/31 MP: 3/3
  1163 | D:2      | Found an iron altar of Okawaru.
  1173 | D:2      | Became a worshipper of Warmaster Okawaru
  1184 | D:2      | Noticed Sigmund
  1198 | D:2      | Killed from afar by Sigmund

Illustrated notes

Levels and vault maps discovered:
D:1:      lemuel_arrival_broad_hall, layout_loops_cross, minmay_misc_feat_rugged
D:2:      layout_basic, basic_altar, uniq_sigmund

Action                   || total
-------------------------++-------
Melee: War axe           ||   108
       Tailslap          ||    14
  Use: Potion            ||     1
Armor: Scale mail        ||    63
Dodge: Dodged            ||    40
Block: Buckler           ||    23
